 Dungeon Sprint DCSS version 0.21-a0-346-g330ab2c (webtiles) character file.

5826 Kidiri the Fighter (level 10, -15/114 HPs)
             Began as a Black Draconian Berserker on Oct 5, 2017.
             Was the Champion of Trog.
             Demolished by a tyrant leech (31 damage)
             ... in the Dungeon (Sprint III: "The Ten Rune Challenge").
             The game lasted 00:12:43 (1672 turns).

Kidiri the Fighter (Black Draconian Berserker)      Turns: 1672, Time: 00:12:44

Health: -15/114    AC:  8    Str: 22    XL:     10   Next: 51%
Magic:  3/3        EV: 18    Int:  8    God:    Trog [******]
Gold:   31         SH:  0    Dex: 11    Spells: 9/9 levels left

rFire    . . .     SeeInvis .   a - +1 great mace (antimagic)
rCold    . . .     Gourm    .   (shield currently unavailable)
rNeg     . . .     Faith    .   (armour unavailable)
rPois    +         Spirit   .   (helmet restricted)
rElec    +         Reflect  .   k - +0 cloak
rCorr    .         Harm     .   (no gloves)
MR       +....     NoTele   +   (no boots)
Stlth    +.........             (no amulet)
HPRegen  0.29/turn              (no ring)
MPRegen  0.08/turn              (no ring)

@: berserk cooldown, slowed, very slow
A: breathe lightning, unfitting armour, blink, magic resistance 1, poison
resistance, robust 1, electricity resistance, cold-blooded, AC +7
a: Breathe Lightning, Blink, Berserk, Trog's Hand, Brothers in Arms, Burn
Spellbooks, Renounce Religion


You were in the Dungeon.
You worshipped Trog.
Trog was exalted by your worship.
You were hungry.

You visited 1 branch You collected 31 gold pieces.

Inventory:

Hand Weapons
 a - a +1 antimagic great mace (weapon)
 d - the +12 morningstar of Departure {vamp, *Drain MR+ Int+2, unknown}
   (Trog gifted it to you in the Dungeon)

   It inflicts no extra harm, but heals its wielder when it wounds a living foe.
   It affects your intelligence (+2).
   It affects your resistance to hostile enchantments.
   It causes draining when unequipped.
Missiles
 i - 9 throwing nets
 t - 5 javelins of returning (quivered)
Armour
 k - a +0 cloak (worn)
Wands
 v - a wand of acid (12/15)
 y - a wand of disintegration (8/24)
Scrolls
 h - a scroll of blinking
 m - a scroll of immolation
 o - 2 scrolls of remove curse {unknown}
 q - a scroll of torment {unknown}
Potions
 c - a potion of curing
 e - a potion of haste
 f - 2 potions of magic
 g - 2 potions of berserk rage
 l - 2 potions of mutation
 p - 2 potions of flight
Comestibles
 b - 2 bread rations
 j - 24 royal jellies


   Skills:
 * Level 14.6 Fighting
 * Level 13.6 Maces & Flails
 + Level 9.0 Throwing
 * Level 12.5 Dodging


You had 9 spell levels left.
You didn't know any spells.

Dungeon Overview and Level Annotations

Branches:
Dungeon (1/1)

Altars:
Cheibriados
Dithmenos
Elyvilon
Fedhas
Gozag
Hepliaklqana
Kikubaaqudgha
Makhleb
Nemelex Xobeh
Okawaru
Qazlal
Ru
Sif Muna
Trog
Uskayaw
Vehumet
Wu Jian
Xom
Yredelemnul
Zin
The Shining One
Beogh
Jiyva
Lugonu

Annotations:
D exclusion: door


Innate Abilities, Weirdness & Mutations

You can breathe wild blasts of lightning.
Your glossy black scales are hard. (AC +7)
You cannot fit into any form of body armour.
You are resistant to electric shocks. (rElec)
You are cold-blooded and may be slowed by cold attacks.
You can translocate small distances at will.
You are resistant to hostile enchantments. (MR+)
Your system is resistant to poisons. (rPois)
You are robust. (+10% HP)


Message History

The tyrant leech bites you!
* * * LOW HITPOINT WARNING * * *
The tyrant leech draws strength from your injuries!
A tyrant leech comes into view.
You thump the tyrant leech!
You kill the tyrant leech!
Trog accepts your kill.
Your Throwing skill increases to level 9!
The tyrant leech is engulfed in blazing flames.
The tyrant leech is engulfed in a forest fire.
A lindwurm comes into view.
You are feeling hungry.
The tyrant leech is engulfed in a cloud of scalding steam.
You enter the shallow water.
Moving in this stuff is going to be slow.
Okay, then.
Unknown command.
Your cyclops goes berserk!
You feel quite a bit more hungry. The tyrant leech bites you!!
You die...

.....# ####'#
_#...#+##########################
_#...#....#.#)#.....#.....%%!..≈≈
_#...##.#).#.##.###)#......#...≈≈
_#...'##.#.#.##.#.)##......#...≈≈
_+...#...#..#..##..'.......#...≈≈
▓▓▓▓▓▓▓▓▓▓▓▓▓▓▓▓▓▓▓#.......#.....
♣≈≈†....†...≈≈w@..#.......#.....
♣'♣≈≈≈≈≈≈≈≈≈≈≈C♣♣..'.......#.....
≈♣♣...♣♣♣♣♣♣♣♣♣♣♣PP#.......######
. ♣k... ♣♣♣##+###### +.♣s♣♣ ♣.##.
.# .# # .#


You could see a tyrant leech and a friendly cyclops (berserk).

Vanquished Creatures
  Erolcha (D)
  A deep elf mage (D)
  2 spiny frogs (D)
  A komodo dragon (D)
  A tyrant leech (D)
  3 wandering mushrooms (D)
  3 redbacks (D)
  A shadow (D)
  A spatial vortex (D)
  A necrophage (D)
  5 two-headed ogres (D)
  A water elemental (D)
  11 killer bees (D)
  A jelly (D)
  Crazy Yiuf (D)
  A wizard (D)
  A necromancer (D)
  3 humans (D)
  A kobold demonologist (D)
  4 rats (D)
  A ballistomycete (D)
45 creatures vanquished.

Vanquished Creatures (collateral kills)
  A queen bee (D)
  21 killer bees (D)
22 creatures vanquished.

Vanquished Creatures (others)
  2 draconian scorchers (D)
  2 hydras (D)
  6 hellions (D)
  2 yaktaurs (D)
  A ballistomycete spore (D)
13 creatures vanquished.

Grand Total: 80 creatures vanquished

Notes
Turn   | Place    | Note
-------+----------+-------------------------------------------
     0 | D        | Kidiri the Draconian Berserker began the quest for the Orb.
     0 | D        | Reached XP level 1. HP: 19/19 MP: 1/1
    32 | D        | Reached ** piety under Trog
    44 | D        | Noticed Crazy Yiuf
    56 | D        | Reached skill level 4 in Fighting
    56 | D        | Reached skill level 1 in Throwing
    56 | D        | Reached XP level 2. HP: 28/28 MP: 2/2
    90 | D        | Killed a hellion
    92 | D        | Killed a hellion
    98 | D        | Killed a hellion
   111 | D        | Killed Crazy Yiuf
   111 | D        | Reached skill level 5 in Fighting
   111 | D        | Reached XP level 3. HP: 36/36 MP: 3/3
   111 | D        | Killed a hellion
   123 | D        | Killed a yaktaur
   137 | D        | Gained mutation: You are weak. (Str -2) [potion of mutation]
   137 | D        | Gained mutation: You are agile. (Dex +2) [potion of mutation]
   137 | D        | Gained mutation: You can translocate small distances at will. [potion of mutation]
   137 | D        | Gained mutation: Your system is resistant to poisons. (rPois) [potion of mutation]
   138 | D        | Lost mutation: You are agile. (Dex +2) [potion of mutation]
   138 | D        | Lost mutation: You are weak. (Str -2) [potion of mutation]
   138 | D        | Gained mutation: You are resistant to hostile enchantments. (MR+) [potion of mutation]
   138 | D        | Gained mutation: You are robust. (+10% HP) [potion of mutation]
   150 | D        | Killed a white draconian scorcher
   163 | D        | Killed a white draconian scorcher
   172 | D        | Noticed a water elemental
   180 | D        | Killed a water elemental
   180 | D        | Reached *** piety under Trog
   180 | D        | Reached skill level 6 in Fighting
   180 | D        | Reached skill level 5 in Maces & Flails
   180 | D        | Reached skill level 5 in Dodging
   180 | D        | Reached XP level 4. HP: 48/48 MP: 4/4
   180 | D        | Killed a hellion
   196 | D        | Killed a hellion
   222 | D        | Found a radiant altar of Vehumet.
   223 | D        | Found a deep blue altar of Sif Muna.
   223 | D        | Found an ancient bone altar of Kikubaaqudgha.
   223 | D        | Noticed a wizard
   224 | D        | Reached **** piety under Trog
   224 | D        | Killed a wizard
   224 | D        | Reached XP level 5. HP: 52/56 MP: 5/5
   226 | D        | Reached ***** piety under Trog
   288 | D        | Found a glowing silver altar of Zin.
   289 | D        | Found a glowing golden altar of the Shining One.
   289 | D        | Found a white marble altar of Elyvilon.
   289 | D        | Noticed a deep elf mage
   297 | D        | Killed a deep elf mage
   297 | D        | Received a gift from Trog
   297 | D        | Reached skill level 9 in Fighting
   297 | D        | Reached skill level 5 in Throwing
   297 | D        | Reached XP level 6. HP: 63/70 MP: 6/6
   297 | D        | Your scales start taking on a glossy black colour.
   297 | D        | Reached XP level 7. HP: 69/77 MP: 7/7
   297 | D        | Gained mutation: You are resistant to electric shocks. (rElec) [Black Draconian growth]
   301 | D        | Killed a yaktaur
   432 | D        | Found an ornate altar of the Wu Jian Council.
   432 | D        | Found a roughly hewn altar of Beogh.
   432 | D        | Found an iron altar of Okawaru.
   432 | D        | Found a bloodstained altar of Trog.
   432 | D        | Found a hide-covered altar of Uskayaw.
   432 | D        | Noticed a human
   434 | D        | Noticed a human
   436 | D        | Noticed a shadow
   437 | D        | Killed a human
   441 | D        | Killed a human
   441 | D        | Received a gift from Trog
   441 | D        | Reached skill level 10 in Fighting
   446 | D        | Killed a shadow
   495 | D        | Found a shadowy altar of Dithmenos.
   504 | D        | Reached XP level 8. HP: 39/89 MP: 2/8
   506 | D        | Reached skill level 10 in Maces & Flails
   507 | D        | Found a basalt altar of Yredelemnul.
   507 | D        | Found a sacrificial altar of Ru.
   729 | D        | Found a blossoming altar of Fedhas.
   729 | D        | Found a stormy altar of Qazlal.
   729 | D        | Found a snail-covered altar of Cheibriados.
   729 | D        | Found a burning altar of Makhleb.
   729 | D        | Found a shimmering altar of Xom.
   730 | D        | Found a hazy altar of Hepliaklqana.
   730 | D        | Found an opulent altar of Gozag.
   730 | D        | Found a sparkling altar of Nemelex Xobeh.
   730 | D        | Found a corrupted altar of Lugonu.
   730 | D        | Found a viscous altar of Jiyva.
   760 | D        | Reached skill level 11 in Fighting
   796 | D        | Noticed a two-headed ogre
   805 | D        | Killed a two-headed ogre
   805 | D        | Reached skill level 10 in Dodging
  1014 | D        | Noticed a two-headed ogre
  1014 | D        | Noticed Erolcha
  1020 | D        | Killed a two-headed ogre
  1020 | D        | Reached skill level 12 in Fighting
  1020 | D        | Reached XP level 9. HP: 81/99 MP: 3/9
  1024 | D        | Killed Erolcha
  1037 | D        | Reached ****** piety under Trog
  1037 | D        | Received a gift from Trog
  1037 | D        | Reached skill level 13 in Fighting
  1292 | D        | Noticed a queen bee
  1301 | D        | Received a gift from Trog
  1309 | D        | Received a gift from Trog
  1309 | D        | Killed a queen bee
  1313 | D        | Got a fine morningstar {god gift}
  1316 | D        | Received a gift from Trog
  1321 | D        | Received a gift from Trog
  1327 | D        | Reached XP level 10. HP: 72/112 MP: 4/10
  1338 | D        | Received a gift from Trog
  1376 | D        | Killed a seven-headed hydra
  1456 | D        | Reached skill level 14 in Fighting
  1550 | D        | Killed an eight-headed hydra
  1646 | D        | Noticed a spiny frog
  1646 | D        | Noticed a spiny frog
  1652 | D        | Killed a spiny frog
  1656 | D        | Killed a spiny frog
  1666 | D        | Noticed a lindwurm
  1672 | D        | Demolished by a tyrant leech

Vault maps used:
D:        dungeon_sprint_mu

Skill      XL: |  1  2  3  4  5  6  7  8  9 10 |
---------------+-------------------------------+-----
Dodging        | 3 4 5 7 9 10 11 12 | 12.5
Fighting       | 4 5 6 9 10 12 13 14 | 14.6
Maces & Flails | 4 5 6 8 9 11 12 13 | 13.6
Throwing       | 1 2 3 5 6 7 8 9 |  9.0

Action                   |  1- 3 |  4- 6 |  7- 9 | 10-12 || total
-------------------------+-------+-------+-------+-------++-------
Melee: Mace              |    21 |     8 |    12 |       ||    41
       Tailslap          |     2 |     1 |    15 |     2 ||    20
       Great mace        |       |       |    65 |     9 ||    74
       Morningstar       |       |       |     8 |    10 ||    18
Throw: Javelin           |       |       |       |    11 ||    11
Invok: Berserk           |     3 |     1 |     4 |     1 ||     9
       Burn Spellbooks   |       |     1 |       |       ||     1
       Brothers in Arms  |       |       |     1 |     1 ||     2
 Abil: Breathe Lightning |       |       |     4 |     1 ||     5
  Use: Potion            |     2 |       |     2 |       ||     4
       Scroll            |       |       |       |     2 ||     2
  Eat: Chunk             |       |     1 |     3 |       ||     4
       Fruit             |       |       |     4 |       ||     4
       Royal jelly       |       |       |     1 |     1 ||     2
Armor: Skin              |     2 |       |     9 |     2 ||    13
Dodge: Dodged            |     7 |     2 |   105 |    33 ||   147

Table legend:
 A = Spawn XP
 B = Non-spawn XP
 C = Spawn XP percentage of total XP
 D = Spawn monster count
 E = Non-spawn monster count
 F = Spawn count percentage of total count
 G = Total turns spent on level
                    A         B        C        D         E        F      G
               +---------+---------+-------+---------+---------+-------+---------
         Total |       0 |    8323 |   0.0 |       0 |      66 |   0.0 |  1672
               +---------+---------+-------+---------+---------+-------+---------
             D |       0 |    8323 |   0.0 |       0 |      66 |   0.0 |  1672
               +---------+---------+-------+---------+---------+-------+---------
